 Dungeon Crawl Stone Soup version 0.30.1-11-g7821555f0a (webtiles) character file.

Game seed: 8882177899057577796

2679 SacredBeard the Purveyor of Pain (level 9, -7/66 HPs)
             Began as a Demonspawn Necromancer on Nov 4, 2023.
             Was an Initiate of Kikubaaqudgha.
             Mangled by an orc warrior
             ... wielding a +4 glaive
              (18 damage)
             ... on level 8 of the Dungeon.
             The game lasted 00:24:39 (8237 turns).

SacredBeard the Purveyor of Pain (DsNe)             Turns: 8237, Time: 00:24:39

Health: -7/66      AC:  5    Str:  9    XL:     9   Next: 37%
Magic:  24/24      EV: 15    Int: 16    God:    Kikubaaqudgha [......]
Gold:   497        SH:  0    Dex: 18    Spells: 11/16 levels left

rFire   . . .        r - +1 dagger (elec)
rCold   + . .        (no shield)
rNeg    + . .        p - +0 ring mail {rC+}
rPois   .            (helmet restricted)
rElec   .            j - scarf {repulsion}
rCorr   .            (no gloves)
SInv    .            (no boots)
Will    .....        H - amulet of the acrobat
Stlth   ++           k - ring of magical power
HPRegen 0.31/turn    f - ring of positive energy
MPRegen 0.38/turn

%: repel missiles, acrobat
@: no status effects
A: horns 1, repulsion field 2, magic regeneration, demonic magic 1
a: Renounce Religion


You were on level 8 of the Dungeon.
You worshipped Kikubaaqudgha.
Kikubaaqudgha was noncommittal.
You visited 2 branches of the dungeon, and saw 9 of its levels.

You collected 497 gold pieces.

Inventory:

Hand Weapons
 r - a +1 dagger of electrocution (weapon)
 D - a +0 scimitar
Missiles
 i - 10 poisoned darts
 o - 8 boomerangs
 G - 2 atropa-tipped darts
Armour
 j - a scarf of repulsion (worn)
 p - a +0 ring mail of cold resistance (worn)
 C - the +1 robe of Gestures {Str+3}
   (You found it on level 5 of the Dungeon)

   Str:       It affects your strength (+3).
Jewellery
 f - a ring of positive energy (right hand)
 k - a ring of magical power (left hand)
 H - an amulet of the acrobat (around neck)
 J - a ring of protection from cold
Wands
 n - a wand of polymorph (21)
 s - a wand of flame (28)
 x - a wand of roots (11)
 F - a wand of charming (9)
Scrolls
 c - 5 scrolls of teleportation
 e - 4 scrolls of amnesia
 g - a scroll of poison {unknown}
 l - 2 scrolls of immolation
 m - 4 scrolls of vulnerability
 q - 2 scrolls of fear
 t - a scroll of silence {unknown}
 v - a scroll of fog {unknown}
 w - a scroll of blinking {unknown}
 y - a scroll of summoning {unknown}
 A - a scroll of acquirement {unknown}
 B - a scroll of enchant armour {unknown}
 E - a scroll of magic mapping {unknown}
 K - a scroll of identify
Potions
 a - a potion of might
 b - 2 potions of magic
 d - 3 potions of degeneration
 h - a potion of lignification
 u - a potion of flight
 z - 2 potions of attraction
 I - 2 potions of curing
 L - a potion of haste {unknown}


   Skills:
 + Level 4.3 Fighting
 + Level 3.4 Long Blades
 - Level 4.0 Throwing
 - Level 4.0 Armour
 - Level 4.0 Dodging
 + Level 4.9 Stealth
 - Level 4.0 Spellcasting
 - Level 6.0 Necromancy
 + Level 4.1 Evocations


You had 11 spell levels left.
You knew the following spells:

 Your Spells              Type           Power      Damage    Failure   Level
a - Necrotise             Necr           88%        1d8       3%          1
b - Animate Dead          Necr           22%        N/A       36%         4

Your spell library contained the following spells:

 Spells                   Type           Power      Damage    Failure   Level
 Vampiric Draining        Necr           22%        2d7       11%         3
 Magic Dart               Conj           12%        1d3       41%         1
 Sandblast                Erth           6%         2d5       41%         1
 Sting                    Tmut/Pois      12%        1d3       41%         1
 Passwall                 Tmut/Erth      2%         N/A       54%         2
 Poisonous Vapours        Pois/Air       6%         N/A       54%         2
 Searing Ray              Conj           6%         2d4       54%         2
 Agony                    Necr           22%        N/A       71%         5
 Anguish                  Hex/Necr       6%         N/A       77%         4
 Mephitic Cloud           Conj/Pois/Air  3%         N/A       78%         3
 Stone Arrow              Conj/Erth      6%         3d7       78%         3
 Cause Fear               Hex            1%         N/A       99%         4
 Fulminant Prism          Conj/Hex       1%         3d5       99%         4
 Olgreb's Toxic Radiance  Pois           3%         N/A       99%         4
 Freezing Cloud           Conj/Ice/Air   1%         6-21      100%        5
 Enfeeble                 Hex            1%         N/A       100%        7


Dungeon Overview and Level Annotations

Branches:
Dungeon (8/15) Zot: 25785  Temple (1/1) D:7 Zot: 5740
   Lair: D:8-11

Altars:
Ashenzari
Cheibriados
Dithmenos
Fedhas
Gozag
Kikubaaqudgha
Makhleb
Nemelex Xobeh
Okawaru
Qazlal
Ru
Sif Muna
Trog
Uskayaw
Vehumet
Wu Jian
Xom
Yredelemnul


Innate Abilities, Weirdness & Mutations

You have a pair of small horns on your head.
You are surrounded by a moderate repulsion field. (EV +3)
You regenerate magic rapidly.
Spells you cast may paralyse adjacent enemies.


Message History

The orc warrior hits you with a +4 glaive!!
You hit the orc warrior but do no damage.
The orc warrior closely misses you.
You hit the orc warrior but do no damage.
The orc warrior misses you.
You barely miss the orc warrior.
You headbutt the orc warrior, but do no damage.
The orc warrior hits you with a +4 glaive!
You hit the orc warrior but do no damage.
The goblin throws a boomerang.
The boomerang completely misses you.
The orc warrior hits you with a +4 glaive.
You hit the orc warrior but do no damage.
Lightning courses through the orc warrior!
You headbutt the orc warrior.
The orc warrior is heavily wounded.
A goblin comes into view.
The orc warrior closely misses you.
You barely miss the orc warrior.
The goblin shouts!
Your headbutt misses the orc warrior.
The orc warrior is heavily wounded.
The goblin hits you but does no damage. The orc warrior completely misses you.
You hit the orc warrior but do no damage.
The orc warrior is heavily wounded.
You hit the orc warrior but do no damage.
The orc warrior is heavily wounded.
The orc warrior hits you with a +4 glaive.
The goblin closely misses you.
You hit the orc warrior.
Lightning courses through the orc warrior!
You headbutt the orc warrior.
The orc warrior is almost dead.
The orc warrior hits you with a +4 glaive!
* * * LOW HITPOINT WARNING * * *
The goblin hits you but does no damage.
You hit the orc warrior but do no damage.
The orc warrior is almost dead.
The orc warrior hits you with a +4 glaive!!
You die...
Kikubaaqudgha rasps: "You have failed me!
Welcome... death!"

.......####......#
♣....................
...............#......
♣.............#......
♣♣...................
♣............##......
.♣.................. ♣♣
♣♣...)............. ..
..♣..o@g#.#o......... ♣.
♣.......###..<....... ♣♣.
♣♣..#.....#........#.
♣...♣.####g#.....>.......
♣..<# #..#...........#.
♣♣...###......#......#
♣..........#..##.......
..........#..... .......
...........#.............


You could see an orc warrior and 2 goblins.

Vanquished Creatures
  Prince Ribbit (D:8)
  Grinder (D:6)
  A water moccasin (D:5)
  Duvessa (D:7)
  2 black bears
  2 ice beasts
  A sky beast (D:7)
  2 centaurs
  2 ogres
  A phantom (D:6)
  2 bullfrogs
  3 scorpions
  Dowan (D:7)
  2 killer bees (D:7)
  2 howler monkeys (D:6)
  4 hounds
  3 orc priests
  4 jellies
  A sleepcap (D:7)
  An iguana (D:7)
  4 orc wizards (D:5)
  Robin (D:2)
  4 gnolls (D:4)
  6 adders
  2 white imps
  2 ufetubi (D:7)
  3 worms
  23 orcs
  2 bats
  9 endoplasms
  4 giant cockroaches
  13 goblins
  10 hobgoblins
  3 jackals (D:2)
  5 kobolds
  4 quokkas
  12 ball pythons
  4 frilled lizards
  3 rats
151 creatures vanquished.

Vanquished Creatures (collateral kills)
  2 orcs
  A ball python (D:2)
3 creatures vanquished.

Vanquished Creatures (others)
  An orc (D:5)
1 creature vanquished.

Grand Total: 155 creatures vanquished

Notes
Turn   | Place    | Note
-------+----------+-------------------------------------------
     0 | D:1      | SacredBeard the Demonspawn Necromancer began the quest for
                  | the Orb.
     0 | D:1      | Reached XP level 1. HP: 13/13 MP: 3/3
    41 | D:1      | Found a faded altar of an unknown god.
   311 | D:1      | Gained mutation: You regenerate magic rapidly. [demonic
                  | ancestry]
   311 | D:1      | Reached XP level 2. HP: 20/20 MP: 0/5
   828 | D:1      | Reached XP level 3. HP: 16/25 MP: 4/6
  1088 | D:2      | Noticed Robin
  1101 | D:2      | Killed Robin
  1102 | D:2      | Reached skill level 1 in Fighting
  1102 | D:2      | Reached skill level 1 in Armour
  1102 | D:2      | Reached skill level 5 in Necromancy
  1209 | D:2      | Gained mutation: You are surrounded by a mild repulsion
                  | field. (EV +2) [demonic ancestry]
  1209 | D:2      | Reached XP level 4. HP: 32/32 MP: 7/7
  2019 | D:3      | Found a shimmering altar of Xom.
  2019 | D:3      | Found a burning altar of Makhleb.
  2019 | D:3      | Found a shimmering blue altar of Sif Muna.
  2019 | D:3      | Found a sparkling altar of Nemelex Xobeh.
  2019 | D:3      | Found a basalt altar of Yredelemnul.
  2026 | D:3      | Reached skill level 1 in Throwing
  2289 | D:3      | Gained mutation: You have a pair of small horns on your
                  | head. [demonic ancestry]
  2289 | D:3      | Reached XP level 5. HP: 37/37 MP: 8/8
  2927 | D:4      | Noticed an acid dragon
  3077 | D:4      | Reached skill level 1 in Evocations
  3114 | D:4      | Reached XP level 6. HP: 44/44 MP: 9/9
  3195 | D:5      | Entered Level 5 of the Dungeon
  3485 | D:5      | Gained mutation: You are surrounded by a moderate repulsion
                  | field. (EV +3) [demonic ancestry]
  3485 | D:5      | Reached XP level 7. HP: 50/50 MP: 11/11
  3566 | D:5      | Reached skill level 6 in Necromancy
  3919 | D:5      | Identified the +1 robe of Gestures {Str+3}
  3946 | D:5      | Reached skill level 1 in Long Blades
  4216 | D:5      | Reached XP level 8. HP: 50/57 MP: 13/13
  4668 | D:6      | Noticed Grinder
  4683 | D:6      | Killed Grinder
  5263 | D:6      | Learned a level 4 spell: Animate Dead
  6387 | D:7      | Gained mutation: Spells you cast may paralyse adjacent
                  | enemies. [demonic ancestry]
  6387 | D:7      | Reached XP level 9. HP: 65/65 MP: 15/15
  6519 | D:7      | Found a staircase to the Ecumenical Temple.
  6528 | Temple   | Entered the Ecumenical Temple
  6768 | Temple   | Became a worshipper of Kikubaaqudgha
  6819 | D:7      | Noticed Dowan
  6819 | D:7      | Noticed Duvessa
  7027 | D:8      | Noticed Prince Ribbit
  7033 | D:8      | Killed Prince Ribbit
  7561 | D:7      | Killed Duvessa
  7567 | D:7      | Killed Dowan
  8237 | D:8      | Mangled by an orc warrior

Illustrated notes

Levels and vault maps discovered:
D:1:      minmay_arrival_open_corners, layout_rooms,
          hellmonk_ecumenical_altar_blasted, amcnicky_mini_pool_small
D:2:      layout_basic, uniq_robin
D:3:      layout_loops_cross, grunt_temple_overflow_open
D:4:      layout_gridville
D:5:      layout_loops_ring
D:6:      layout_layer_cave, uniq_grinder
D:7:      layout_cave_pods, minmay_temple_entry_antechambers, uniq_duvessa
D:8:      layout_cave_pools, serial_shops, nicolae_shop_dealshenge,
          enter_bailey_5, kennysheep_doodads, hellmonk_guarded_unrand_night,
          uniq_grum, uniq_prince_ribbit1
Temple:   eino_temple_water

Skill      XL: |  1  2  3  4  5  6  7  8  9 |
---------------+----------------------------+-----
Stealth        | 2 3 4 |  4.9
Dodging        | 2 3 4 |  4.0
Fighting       | 1 2 3 4 |  4.3
Armour         | 1 2 3 4 |  4.0
Necromancy     | 5 6 |  6.0
Throwing       | 1 2 3 4 |  4.0
Evocations     | 1 2 3 4 |  4.1
Spellcasting   | 3 4 |  4.0
Long Blades    | 1 2 3 |  3.4

Action                     |  1- 3 |  4- 6 |  7- 9 || total
---------------------------+-------+-------+-------++-------
  Melee: Unarmed           |    15 |       |       ||    15
         Short sword       |    27 |       |       ||    27
         Dagger            |       |    58 |   136 ||   194
         Headbutt          |       |    10 |    29 ||    39
         Punch             |       |       |     1 ||     1
  Throw: Boomerang         |       |     1 |       ||     1
   Cast: Necrotise         |    82 |   144 |   103 ||   329
    Use: Scroll            |       |     6 |     5 ||    11
         Potion            |       |     2 |     4 ||     6
   Stab: Distracted        |       |     1 |       ||     1
 Armour: Ring mail         |    13 |    45 |    53 ||   111
  Dodge: Dodged            |    28 |    70 |   229 ||   327
         Repelled          |       |     2 |     5 ||     7
